 Dungeon Crawl Stone Soup version 0.26-a0-257-g47e9e61525 (webtiles) character file.

Game seed: 483312549914820078

1832 Infinimo the Destroyer (level 8, 0/52 HPs)
             Began as a Mummy Conjurer on July 10, 2020.
             Was an Initiate of Gozag.
             Slain by a hornet zombie (3 damage)
             ... on level 7 of the Dungeon.
             The game lasted 00:13:32 (9903 turns).

Infinimo the Destroyer (Mummy Conjurer)             Turns: 9903, Time: 00:13:32

Health: 0/52       AC:  6    Str: 16    XL:     8   Next: 86%
Magic:  10/20      EV: 12    Int: 19    God:    Gozag
Gold:   688        SH:  0    Dex: 11    Spells: 18/23 levels left

rFire    x . .     SeeInvis .   c - +2 dagger (speed)
rCold    + . .     Faith    .   (no shield)
rNeg     + + +     Spirit   .   a - +1 robe
rPois    ∞         Reflect  .   (no helmet)
rElec    .         Harm     .   j - +2 cloak
rCorr    .                      (no gloves)
MR       +....                  (no boots)
Stlth    ++........             (no amulet)
HPRegen  0.17/turn              m - ring of flight
MPRegen  0.17/turn              b - +6 ring of strength

@: about to teleport
A: no food or potions, fire vulnerability, cold resistance 1, negative energy
resistance 3, torment resistance, unbreathing
a: Potion Petition, Call Merchant, Bribe Branch, Renounce Religion, Evoke Flight


You were on level 7 of the Dungeon.
You worshipped Gozag.
Gozag was pleased with you.
You were not hungry.

You visited 2 branches of the dungeon, and saw 8 of its levels.

You collected 1101 gold pieces.
You paid 413 gold pieces to Gozag.

Inventory:

Hand Weapons
 c - a +2 dagger of speed (weapon)
Armour
 a - a +1 robe (worn)
 j - a +2 cloak (worn)
Jewellery
 b - a +6 ring of strength (right hand)
 e - an uncursed ring of wizardry {unknown}
 g - an uncursed ring of stealth
 m - a ring of flight (left hand)
Scrolls
 d - 2 scrolls of remove curse
 f - 9 scrolls of identify
 h - a scroll of enchant weapon
 i - a scroll of blinking {unknown}


   Skills:
 - Level 1.5 Dodging
 - Level 1.5 Stealth
 + Level 8.4 Spellcasting
 * Level 8.6 Conjurations


You had 18 spell levels left.
You knew the following spells:

 Your Spells              Type           Power        Failure   Level
a - Magic Dart            Conj           ####         1%          1
b - Iskenderun's Mystic   Conj/Tloc      ###.....     14%         4

Your spell library contained the following spells:

 Spells                   Type           Power        Failure   Level
 Foxfire                  Conj/Fire      ###.         1%          1
 Searing Ray              Conj           #####.       1%          2
 Conjure Flame            Conj/Fire      ###.....     4%          3
 Dazzling Flash           Conj/Hex       ###...       4%          3
 Infusion                 Chrm           #...         9%          1
 Fulminant Prism          Conj/Hex       ###.......   14%         4
 Sticky Flame             Conj/Fire      ###.....     14%         4
 Confusing Touch          Hex            #.......     26%         3
 Gell's Gravitas          Tloc           #.........   26%         3
 Inner Flame              Hex/Fire       #.......     26%         3
 Fireball                 Conj/Fire      ###.......   38%         5
 Petrify                  Tmut/Erth      #.......     65%         4
 Metabolic Englaciation   Hex/Ice        #.........   94%         5
 Yara's Violent Unravell  Hex/Tmut       #.........   94%         5


Dungeon Overview and Level Annotations

Branches:
Dungeon (7/15)             Temple (1/1) D:6

Altars:
Fedhas
Gozag
Hepliaklqana
Nemelex Xobeh
Ru
Sif Muna
Trog
Zin

Shops:
D:6 [

Annotations:
D:3 Ijyb


Innate Abilities, Weirdness & Mutations

You do not eat or drink.
Your flesh is vulnerable to fire.
You are immune to poison.
Your flesh is cold resistant. (rC+)
You are immune to negative energy. (rN+++)
You are immune to unholy pain and torment.
You can survive without breathing.


Message History

An orc comes into view. It is wielding a +0 trident.
The orc shouts!
The hornet zombie hits you.
* * * LOW HITPOINT WARNING * * *
The hornet zombie hits you.
* * * LOW HITPOINT WARNING * * *
Things that are here:
a +0 hand axe; 5 boomerangs The hornet zombie hits you.
* * * LOW HITPOINT WARNING * * *
The hornet zombie hits you!
* * * LOW HITPOINT WARNING * * *
You can't drink.
Okay, then.
Okay, then.
As you read the scroll of teleportation, it crumbles to dust.
You feel strangely unstable. The hornet zombie hits you.
You die...
Your body crumbles into a pile of gold.

#..............####
#.#####<#####.....# #.#
#.#####.....# #.#
#.>.........#.# #.#
#.##.##.....#.## #
#.#####.##.##/#...... #
#..o....##.##...###.#
#######....#####.#........#
.z...zo.#.......@#.##.##..#
..o.......######Z#.##.##.%#
########..#### #..........#
.......##o#.##.##..#
##..###.........##..#
....[...#.#..>.....#
#..####o#.####.....# #..#
#.#.# #)....# #. ##o#.#
#..####


You could see an orc and a hornet zombie.

Vanquished Creatures
  2 ogres (D:4)
  2 sky beasts (D:6)
  A phantom (D:6)
  A centaur (D:4)
  A bullfrog (D:7)
  2 scorpions (D:5)
  5 wights (D:7)
  A jelly (D:5)
  2 orc priests
  2 hounds
  8 orc wizards
  Crazy Yiuf (D:3)
  2 centaur skeletons (D:5)
  A bullfrog skeleton (D:7)
  4 worker ants
  A hound zombie (D:5)
  A hound skeleton (D:6)
  A worker ant zombie (D:5)
  13 gnolls
  4 adders
  2 shadow imps (D:5)
  A white imp (D:3)
  An ufetubus (D:6)
  2 oozes (D:1)
  2 adder skeletons
  A worm (D:2)
  A dart slug (D:1)
  3 leopard geckos
  27 orcs
  7 bats
  4 giant cockroaches
  11 goblins
  3 hobgoblins
  7 jackals
  2 quokkas
  A ball python (D:5)
  6 frilled lizards
  A jackal skeleton (D:5)
  3 kobolds
  A quokka skeleton (D:5)
  A quokka zombie (D:3)
  7 rats
149 creatures vanquished.

Notes
Turn   | Place    | Note
-------+----------+-------------------------------------------
     0 | D:1      | Infinimo the Mummy Conjurer began the quest for the Orb.
     0 | D:1      | Reached XP level 1. HP: 13/13 MP: 4/4
   203 | D:1      | Reached XP level 2. HP: 19/19 MP: 3/6
   866 | D:1      | Reached XP level 3. HP: 20/24 MP: 2/7
  1937 | D:2      | Found an opulent altar of Gozag.
  1945 | D:2      | Became a worshipper of Gozag Ym Sagoz the Greedy
  2510 | D:3      | Reached XP level 4. HP: 30/30 MP: 6/9
  2556 | D:3      | Noticed Ijyb
  2625 | D:3      | Found a runed translucent door.
  2626 | D:3      | Noticed Crazy Yiuf
  3378 | D:3      | Reached XP level 5. HP: 32/35 MP: 6/11
  3776 | D:3      | Learned a level 4 spell: Iskenderun's Mystic Blast
  4335 | D:3      | Killed Crazy Yiuf
  4335 | D:3      | Reached skill level 5 in Conjurations
  4600 | D:4      | Noticed an ogre
  4780 | D:4      | Noticed an ogre
  4785 | D:5      | Entered Level 5 of the Dungeon
  4808 | D:5      | Reached XP level 6. HP: 30/41 MP: 5/13
  5061 | D:5      | Reached skill level 5 in Spellcasting
  5400 | D:5      | Found a shimmering blue altar of Sif Muna.
  5608 | D:5      | Found a sparkling altar of Nemelex Xobeh.
  5620 | D:5      | Found a hazy altar of Hepliaklqana.
  5634 | D:5      | Found a glowing silver altar of Zin.
  5637 | D:5      | Found a blossoming altar of Fedhas.
  5803 | D:5      | Reached XP level 7. HP: 45/46 MP: 1/15
  5979 | D:5      | Found a sacrificial altar of Ru.
  6643 | D:5      | Identified Sif Muna's Almanac of Talismans
  7479 | D:4      | Found a bloodstained altar of Trog.
  7496 | D:4      | Reached XP level 8. HP: 34/52 MP: 5/18
  8203 | D:6      | Found Xerem's Armour Boutique.
  8521 | D:6      | Found a staircase to the Ecumenical Temple.
  9566 | Temple   | Entered the Ecumenical Temple
  9900 | D:7      | HP: 2/52 [hornet zombie (8)]
  9903 | D:7      | Slain by a hornet zombie

Illustrated notes

Levels and vault maps discovered:
D:1:      lightli_arrival_statue_moat, layout_basic
D:2:      layout_loops_ring, nicolae_gozag_cash_rules_everything_around_me
D:3:      layout_basic, first_ration, uniq_ijyb, uniq_crazy_yiuf_cottage
D:4:      layout_basic, trog_book
D:5:      layout_basic, nicolae_ru_path_of_blood, led_sif_book,
          grunt_temple_overflow_cloverleaf
D:6:      layout_loops_ring, minmay_temple_entry_glassed_door, serial_shops,
          shop, kennysheep_crisscross
D:7:      layout_loops_ring, nicolae_overflow_hidden_temple, dk_noncrumbling_4,
          abandoned_shop
Temple:   jpeg_temple_clearing

Skill      XL: |  1  2  3  4  5  6  7  8 |
---------------+-------------------------+-----
Spellcasting   | 3 4 5 7 8 |  8.4
Conjurations   | 4 5 6 7 8 |  8.6
Dodging        | |  1.5
Stealth        | |  1.5

Action                   |  1- 3 |  4- 6 |  7- 9 || total
-------------------------+-------+-------+-------++-------
Melee: Unarmed           |     8 |       |       ||     8
       Dagger            |    11 |    37 |     9 ||    57
 Cast: Magic Dart        |   100 |   218 |   265 ||   583
       Iskenderun's Myst |       |       |     1 ||     1
Invok: Potion Petition   |       |     2 |       ||     2
 Abil: Evoke Flight      |       |       |     1 ||     1
  Use: Scroll            |     6 |       |     6 ||    12
Armor: Robe              |     4 |    15 |    32 ||    51
Dodge: Dodged            |    15 |    61 |    70 ||   146

Table legend:
 A = Non-vault XP
 B = Vault XP
 C = Vault XP percentage of total XP
 D = Non-vault monster count
 E = Vault monster count
 F = Vault count percentage of total count
                 A         B        C        D         E       F
            +---------+---------+-------+---------+---------+-------
      Total |    2497 |     121 |   4.6 |     146 |       3 |   2.0
            +---------+---------+-------+---------+---------+-------
        D:1 |      53 |       0 |   0.0 |      25 |       0 |   0.0
        D:2 |      23 |       0 |   0.0 |      11 |       0 |   0.0
        D:3 |     184 |      39 |  17.5 |      34 |       1 |   2.9
        D:4 |     570 |       0 |   0.0 |      16 |       0 |   0.0
        D:5 |     581 |      82 |  12.4 |      30 |       2 |   6.2
        D:6 |     601 |       0 |   0.0 |      16 |       0 |   0.0
        D:7 |     485 |       0 |   0.0 |      14 |       0 |   0.0
            +---------+---------+-------+---------+---------+-------
